 Dungeon Crawl Stone Soup version 0.30.1-4-g462c640d31 (webtiles) character file.

Game seed: 14038013098961026970

2630 Gorgoleon the Geomancer (level 9, -2/48 HPs)
             Began as a Gargoyle Earth Elementalist on Aug 18, 2023.
             Slain by a yak (9 damage)
             ... on level 6 of the Dungeon.
             The game lasted 00:24:49 (6060 turns).

Gorgoleon the Geomancer (GrEE)                      Turns: 6060, Time: 00:24:50

Health: -2/48      AC: 11    Str: 18    XL:     9   Next: 61%
Magic:  0/13       EV: 12    Int: 20    God:
Gold:   473        SH:  0    Dex: 13    Spells: 4/14 levels left

rFire   . . .        d - +0 whip (drain)
rCold   . . .        (no shield)
rNeg    + . .        a - +1 robe
rPois   ∞            (no helmet)
rElec   +            (no cloak)
rCorr   .            (no gloves)
SInv    +            f - +1 pair of boots
Will    .....        (no amulet)
Stlth   ++           m - ring "Olihuun" {Str+6 Dex+3}
HPRegen 0.28/turn    r - ring of see invisible
MPRegen 0.13/turn

%: no passive effects
@: no status effects
A: sickness immunity, AC +6, negative energy resistance 1, electricity
resistance, torment resistance 1, petrification resistance
a: no special abilities


You were on level 6 of the Dungeon.
You visited 2 branches of the dungeon, and saw 8 of its levels.

You collected 473 gold pieces.

Inventory:

Hand Weapons
 d - a +0 whip of draining (weapon)
 v - the +6 arbalest "Damnation" {damnation}
   (You found it on level 7 of the Dungeon)
Missiles
 h - 18 poisoned darts
Armour
 a - a +1 robe (worn)
 f - a +1 pair of boots (worn)
Jewellery
 m - the ring "Olihuun" (left hand) {Str+6 Dex+3}
   (You found it on level 3 of the Dungeon)

   [ring of strength]

   Str:       It affects your strength (+6).
   Dex:       It affects your dexterity (+3).
 o - a ring of fire
 r - a ring of see invisible (right hand)
Wands
 i - a wand of charming (3)
 t - a wand of iceblast (3)
Scrolls
 n - 2 scrolls of fog
 p - a scroll of teleportation
 s - a scroll of identify
 u - a scroll of torment {unknown}
 w - a scroll of amnesia {unknown}
Potions
 b - a potion of magic
 c - 2 potions of lignification
 e - 2 potions of haste
 g - a potion of attraction
 j - 3 potions of heal wounds {unknown}
 k - a potion of ambrosia
 l - 2 potions of degeneration {unknown}
 q - 3 potions of curing {unknown}


   Skills:
 - Level 2.0 Fighting
 - Level 3.0 Dodging
 - Level 2.1 Stealth
 - Level 3.0 Spellcasting
 * Level 7.2 Conjurations
 - Level 2.0 Transmutations
 - Level 12.0 Earth Magic


You had 4 spell levels left.
You knew the following spells:

 Your Spells              Type           Power      Damage    Failure   Level
a - Sandblast             Erth           100%       2d20      1%          1
b - Passwall              Tmut/Erth      25%        N/A       1%          2
c - Stone Arrow           Conj/Erth      82%        3d12      1%          3
d - Petrify               Tmut/Erth      31%        N/A       8%          4

Your spell library contained the following spells:

 Spells                   Type           Power      Damage    Failure   Level


Dungeon Overview and Level Annotations

Branches:
Dungeon (7/15)             Temple (1/1) D:5

Altars:
Ashenzari
Cheibriados
Dithmenos
Elyvilon
Fedhas
Gozag
Hepliaklqana
Kikubaaqudgha
Makhleb
Nemelex Xobeh
Okawaru
Qazlal
Ru
Sif Muna
Trog
Uskayaw
Wu Jian
Xom
Yredelemnul
Zin
The Shining One

Shops:
D:5 (

Annotations:
D:4 1 runed translucent door, Drain's ghost, weakling OpCj
D:6 1 runed translucent door, growler's ghost, amateur OpTm


Innate Abilities, Weirdness & Mutations

You are immune to sickness and miasma.
Your stone body is resilient. (AC +6)
You are immune to poison.
You resist negative energy. (rN+)
You are resistant to electric shocks. (rElec)
You are resistant to unholy torment.
You are immune to petrification.


Message History

The blast of sand hits the yak!
The yak is almost dead.
The yak closely misses you. That damnation is likely to hit you.
Continue anyway?
Okay, then.
The yak gores you.
Aiming: Sandblast (safe; 1% risk of failure)
Press: ? - help, Q - select action, (/) - cycle Shift-Dir - straight line, f/p - yak
Aim: a yak (almost dead, 91% to hit)
The blast of sand hits the yak!!
You kill the yak!
The yak gores you.
Your Conjurations skill increases to level 7!
You sense an unholy aura.
d - a +0 whip of draining (weapon)
The yak attacks as you move away! The yak gores you.
There is a stone staircase leading up here.
The yak misses you.
You climb upwards.
Level annotation: 1 runed translucent door, growler's ghost, amateur OpTm
There is a stone staircase leading down here.
Aiming: Sandblast (safe; 1% risk of failure)
Press: ? - help, Q - select action, (/) - cycle Shift-Dir - straight line, f - yak
Aim: a yak (91% to hit)
The blast of sand hits the yak.
The yak is lightly wounded.
The yak misses you. The yak gores you!
* * * LOW HITPOINT WARNING * * *
Aiming: Sandblast (safe; 1% risk of failure)
Press: ? - help, Q - select action, (/) - cycle Shift-Dir - straight line, f/p - yak
Aim: a yak (lightly wounded, 91% to hit)
The blast of sand misses the yak.
The yak closely misses you.
Aiming: Sandblast (safe; 1% risk of failure)
Press: ? - help, Q - select action, (/) - cycle Shift-Dir - straight line, f/p - yak
Aim: a yak (lightly wounded, 91% to hit)
The blast of sand hits the yak.
The yak is lightly wounded.
The yak gores you!
You die...

.....# #.# #.....# #......#
.....###.###.....# #......#
.....##..........#######......#
.....##....#...........#......#
.....##.##..###...............#
.....##.###.)..........##.....#
.....##.# ####..........#######
.....##.# ##.Y.......#
.....##.#######.@...##+##
.....##.#...........#.~.#
.....##.#........####.~.#
....[...#........# #.~.#
.....####........# #.~.# .#.###
#........# #.$.# .#.#
#........# #####
.#.######........##
..................#


You could see a yak.

Vanquished Creatures
  A shadow (D:5)
  4 yaks (D:7)
  Edmund (D:4)
  A water moccasin (D:6)
  Duvessa (D:6)
  2 ice beasts
  An orc warrior (D:6)
  2 black bears
  3 ogres
  Blork the orc (D:4)
  4 scorpions
  Dowan (D:6)
  4 hounds
  3 jellies
  An iguana (D:6)
  Natasha (thrice) (D:4)
  An orc wizard (D:6)
  3 gnolls (D:2)
  6 adders
  A shadow imp (D:6)
  A white imp (D:5)
  An ufetubus (D:7)
  A worm (D:3)
  A dart slug (D:2)
  8 orcs
  5 ball pythons
  6 endoplasms
  6 giant cockroaches
  4 goblins
  5 hobgoblins
  7 jackals
  4 quokkas
  3 bats
  7 frilled lizards
  5 kobolds
  7 rats
115 creatures vanquished.

Notes
Turn   | Place    | Note
-------+----------+-------------------------------------------
     0 | D:1      | Gorgoleon the Gargoyle Earth Elementalist began the quest
                  | for the Orb.
     0 | D:1      | Reached XP level 1. HP: 10/10 MP: 3/3
    96 | D:1      | Reached skill level 4 in Earth Magic
   106 | D:1      | Reached XP level 2. HP: 7/15 MP: 0/5
   218 | D:1      | Learned a level 2 spell: Passwall
   458 | D:1      | Reached skill level 1 in Transmutations
   633 | D:1      | Reached XP level 3. HP: 16/19 MP: 6/6
  1102 | D:2      | Learned a level 3 spell: Stone Arrow
  1194 | D:2      | Reached skill level 5 in Earth Magic
  1456 | D:2      | Reached XP level 4. HP: 20/24 MP: 3/7
  1612 | D:2      | Found a sacrificial altar of Ru.
  1935 | D:3      | Identified the ring "Olihuun" {Str+6 Dex+3}
  1984 | D:3      | Reached skill level 6 in Earth Magic
  2012 | D:3      | Reached skill level 1 in Conjurations
  2012 | D:3      | Reached XP level 5. HP: 28/28 MP: 5/8
  2727 | D:4      | Noticed an ogre
  3093 | D:4      | Found a runed translucent door.
  3098 | D:4      | Noticed Drain's ghost (weakling OpCj)
  3159 | D:4      | Noticed Blork the orc
  3164 | D:4      | Killed Blork the orc
  3165 | D:4      | Reached skill level 7 in Earth Magic
  3165 | D:4      | Reached XP level 6. HP: 29/32 MP: 3/9
  3363 | D:4      | Reached skill level 8 in Earth Magic
  3408 | D:4      | Identified the +1 scale mail "Faivoa" {-Tele Fly rPois
                  | Dex+4}
  3451 | D:4      | Noticed Natasha
  3472 | D:4      | Killed Natasha
  3473 | D:4      | Reached XP level 7. HP: 22/36 MP: 5/10
  3673 | D:4      | Noticed Edmund
  3682 | D:4      | Killed Edmund
  3861 | D:4      | Noticed Natasha
  3865 | D:4      | Killed Natasha
  3874 | D:4      | Reached skill level 9 in Earth Magic
  4080 | D:5      | Entered Level 5 of the Dungeon
  4106 | D:4      | Noticed Natasha
  4111 | D:4      | Killed Natasha
  4239 | D:5      | Reached skill level 10 in Earth Magic
  4239 | D:5      | Reached XP level 8. HP: 41/41 MP: 8/11
  4282 | D:5      | Learned a level 4 spell: Petrify
  4292 | D:5      | Found a staircase to the Ecumenical Temple.
  4302 | Temple   | Entered the Ecumenical Temple
  4401 | D:5      | Found Alofah's Hydra Hut.
  4407 | D:5      | Noticed an eight-headed hydra
  4481 | D:5      | Noticed a shadow
  4487 | D:5      | Killed a shadow
  4949 | D:6      | Reached skill level 11 in Earth Magic
  5260 | D:6      | Found a runed translucent door.
  5268 | D:6      | Noticed growler's ghost (amateur OpTm)
  5314 | D:6      | Noticed Duvessa
  5327 | D:6      | Reached skill level 1 in Fighting
  5436 | D:6      | Killed Duvessa
  5438 | D:6      | Noticed Dowan
  5441 | D:6      | Killed Dowan
  5442 | D:6      | Reached XP level 9. HP: 47/47 MP: 6/13
  5810 | D:7      | Reached skill level 12 in Earth Magic
  5816 | D:7      | Reached skill level 5 in Conjurations
  5818 | D:7      | Found the +6 arbalest "Damnation" {damnation}
  6060 | D:6      | Slain by a yak

Illustrated notes

Levels and vault maps discovered:
D:1:      minmay_arrival_up_and_down, layout_loops_ring, serial_bayou_pond_c,
          minmay_tripent
D:2:      layout_basic, basic_altar, serial_bayou_crossing
D:3:      layout_basic, dreamdust_mushroom_princess
D:4:      layout_basic, ebering_ghost_sewer_d,
          hangedman_abyss_or_decor_jellyfish_corner, uniq_edmund,
          uniq_blork_the_orc, uniq_natasha
D:5:      layout_rooms, minmay_temple_entry_waves, minmay_gold_behind_fungi,
          doesnt_shop_hydraphobe
D:6:      layout_basic, ebering_ghost_reflecting_pool, hex_intersection,
          uniq_duvessa
D:7:      layout_loops_cross, serial_demonic, serial_demonic_e,
          serial_demonic_e, serial_demonic_d, serial_demonic_e
Temple:   compressed_dpeg_circular_temple

Skill      XL: |  1  2  3  4  5  6  7  8  9 |
---------------+----------------------------+-----
Earth Magic    | 4 5 6 7 8 10 11 12 | 12.0
Transmutations | 1 2 |  2.0
Dodging        | 2 3 |  3.0
Conjurations   | 1 2 4 7 |  7.2
Fighting       | 1 2 |  2.0
Spellcasting   | 3 |  3.0
Stealth        | |  2.1

Action                     |  1- 3 |  4- 6 |  7- 9 || total
---------------------------+-------+-------+-------++-------
  Melee: Unarmed           |    29 |       |       ||    29
         Whip              |    78 |    85 |    13 ||   176
         Mace              |     9 |       |       ||     9
         Punch             |     1 |     1 |       ||     2
   Fire: Arbalest          |       |       |     1 ||     1
  Throw: Dart              |       |       |     3 ||     3
   Cast: Sandblast         |    42 |    42 |    99 ||   183
         Passwall          |     1 |       |       ||     1
    Use: Scroll            |       |     4 |     6 ||    10
   Stab: Sleeping          |     2 |       |     1 ||     3
 Armour: Robe              |    56 |    47 |    20 ||   123
  Dodge: Dodged            |   111 |    64 |    39 ||   214
